 Dungeon Crawl Stone Soup version 0.30-a0-49-g1cef19eb02 (webtiles) character file.

Game seed: 1401484191883644925

7 MrFrogsmire the Grave Robber (level 2, -2/13 HPs)
             Began as a Vine Stalker Necromancer on Sept 3, 2022.
             Was a High Priest of Ignis.
             Slain by a hobgoblin (3 damage)
             ... on level 3 of the Dungeon.
             The game lasted 00:02:33 (242 turns).

MrFrogsmire the Grave Robber (VSNe)                  Turns: 242, Time: 00:02:34

Health: -2/13      AC:  5    Str: 10    XL:     2   Next: 4%
Magic:  0/6        EV: 10    Int: 15    God:    Ignis [*****.]
Gold:   10         SH:  0    Dex: 14    Spells: 4/5 levels left

rFire   + . .      SeeInvis .    (no weapon)
rCold   . . .      Faith    .    (no shield)
rNeg    . . .      Spirit   +    d - +0 ring mail
rPois   .          Reflect  .    (no helmet)
rElec   .          Harm     .    (no cloak)
rCorr   .          Rampage  .    (no gloves)
Will    .....                    (no boots)
Stlth   +.........               (no amulet)
HPRegen 0.04/turn                (no ring)
MPRegen 0.10/turn                (no ring)

@: no status effects
A: fangs 2, magic shield, antimagic bite, no potion heal 2
a: Renounce Religion, Fiery Armour, Foxfire Swarm, Rising Flame


You were on level 3 of the Dungeon.
You worshipped Ignis.
Ignis was extremely pleased with you.
You visited 1 branch of the dungeon, and saw 3 of its levels.

You collected 10 gold pieces.

Inventory:

Missiles
 c - 3 silver javelins
Armour
 a - a +0 robe
 d - a +0 ring mail (worn)
Potions
 b - a potion of magic


   Skills:
 + Level 1.6 Dodging
 + Level 2.5 Stealth
 + Level 2.3 Spellcasting
 + Level 4.2 Necromancy


You had 4 spell levels left.
You knew the following spells:

 Your Spells              Type           Power      Damage    Failure   Level
a - Necrotise             Necr           56%        1d6       10%         1

Your spell library contained the following spells:

 Spells                   Type           Power      Damage    Failure   Level
 Vampiric Draining        Necr           14%        2d7       28%         3
 Shock                    Conj/Air       4%         1d3       50%         1
 Animate Dead             Necr           14%        N/A       67%         4
 Swiftness                Air            1%         N/A       86%         3
 Airstrike                Air            0%         2d(1-17)  99%         4
 Agony                    Necr           14%        N/A       95%         5


Dungeon Overview and Level Annotations

Branches:
Dungeon (3/15)

Altars:
Vehumet
Ignis


Innate Abilities, Weirdness & Mutations

You have extremely sharp teeth.
When hurt, damage is shared between your health and your magic reserves.
Your bite disrupts and absorbs the magic of your enemies.
Potions cannot restore your health.


Message History

The hobgoblin attacks as you move away! The hobgoblin closely misses you.
The orc barely misses you.
You see here a scroll labelled YGACKO DIUK.
The orc attacks as you move away! The orc hits you but does no damage.
The rat attacks as you move away! The rat misses you.
The rat attacks as you move away! The rat bites you but does no damage.
The kobold barely misses you. The kobold barely misses you.
Your magical contamination has completely faded away.
The orc writhes in agony.
The orc hits you but does no damage.
You are out of magic!
The orc hits you with a +0 club.
Found a short sword.
The orc attacks as you move away! The orc misses you.
The rat twitches its whiskers.
The orc attacks as you move away! The orc barely misses you.
The orc attacks as you move away! The orc hits you with a +0 club.
The orc attacks as you move away! The orc hits you with a +0 club.
* * * LOW HITPOINT WARNING * * *
The orc attacks as you move away! The orc hits you with a +0 club.
* * * LOW HITPOINT WARNING * * *
An endoplasm comes into view.
You are too injured to fight recklessly!
You are too injured to fight recklessly!
Found a sharpened ivory wand.
A sourceless malevolence fills the Dungeon... and a teleportation trap spontaneously manifests!
You are yanked towards some nearby monsters!
Your surroundings suddenly seem different.
A goblin, a hobgoblin and an adder come into view.
Found 6 poisoned darts.
Found a stone staircase leading up and a stone staircase leading down.
The goblin shouts!
The adder hisses angrily.
The adder attacks as you move away! The adder bites you but does no damage.
You are too injured to fight recklessly!
You are too injured to fight recklessly!
The adder bites you but does no damage. The hobgoblin completely misses you.
The adder barely misses you. The adder bites you but does no damage.
The hobgoblin hits you but does no damage.
The hobgoblin hits you.
You die...

..# # #...
..## .## ...
# .... ...
#.# (# ....
#.####.####.#
....
#...........#
#.........#
#..<......#
#.Sgg.....#
#.@.......#
#.>.......#
#.........#
#########.#
.# #


You could see an adder, a hobgoblin and a goblin.

Vanquished Creatures
  A giant cockroach (D:1)
  A hobgoblin (D:2)
  2 ball pythons
  A bat (D:2)
  A frilled lizard (D:1)
  A spectral kobold (D:1)
7 creatures vanquished.

Vanquished Creatures (collateral kills)
  2 frilled lizards
2 creatures vanquished.

Grand Total: 9 creatures vanquished

Notes
Turn   | Place    | Note
-------+----------+-------------------------------------------
     0 | D:1      | MrFrogsmire the Vine Stalker Necromancer began the quest
                  | for the Orb.
     0 | D:1      | Reached XP level 1. HP: 9/9 MP: 4/4
    62 | D:1      | Found a faded altar of an unknown god.
    83 | D:1      | Prayed at the altar of an unknown god.
    83 | D:1      | Became a worshipper of Ignis, the Dying Flame
    92 | D:1      | You fall into a shaft and drop 1 floor!
   157 | D:2      | Reached XP level 2. HP: 13/13 MP: 3/6
   205 | D:3      | Found a radiant altar of Vehumet.
   242 | D:3      | Slain by a hobgoblin

Illustrated notes

Levels and vault maps discovered:
D:1:      moated_graveyard_arrival, layout_basic,
          dreamdust_ecumenical_altar_drowned_temple, minmay_tromino_v4_b
D:2:      layout_basic, corexii_corridor_pit
D:3:      layout_rooms, vehumet_altar_wand_db

Action                   || total
-------------------------++-------
Melee: Unarmed           ||     9
       Bite              ||     2
 Cast: Necrotise         ||    15
Armor: Robe              ||     2
       Ring mail         ||    12
Dodge: Dodged            ||    22

Table legend: (Time is in decaauts)
 A = Elapsed time spent in this place.
 B = Non-inter-level travel time spent in this place.
 C = Inter-level travel time spent in this place.
 D = Time resting spent in this place.
 E = Time spent auto-exploring this place.
 F = Levels seen in this place.
 G = Mean time per level.
                   A        B        C        D        E       F      G
               +--------+--------+--------+--------+--------+-----+--------+
         Total |    243 |    117 |    126 |      0 |      0 |   3 |   81.0 |
       Dungeon |    243 |    117 |    126 |      0 |      0 |   3 |   81.0 |
               +--------+--------+--------+--------+--------+-----+--------+

Top non-repeatable levels by time:
     D:2: 112 daAuts
     D:1: 94 daAuts
     D:3: 36 daAuts
